 Dungeon Crawl Stone Soup version 0.27-a0-1184-ge86db4a01e (webtiles) character file.

Game seed: 9306486403011407494

525 Shayle the Conjurer (level 7, -2/82 HPs)
             Began as a Naga Fire Elementalist on May 18, 2021.
             Was an Initiate of Vehumet.
             Slain by Pikel
             ... wielding a +1 whip of freezing
              (4 damage)
             ... on level 4 of the Dungeon.
             The game lasted 00:15:45 (6069 turns).

Shayle the Conjurer (Naga Fire Elementalist)        Turns: 6069, Time: 00:15:46

Health: -2/82      AC: 23    Str:  8 (10) XL:     7   Next: 23%
Magic:  4/10       EV:  1    Int: 15 (18) God:    Vehumet [......]
Gold:   157        SH:  0    Dex:  9 (11) Spells: 2/10 levels left

rFire    . . .     SeeInvis +   k - +2 whip (vamp)
rCold    . . .     Faith    .   (no shield)
rNeg     + + +     Spirit   .   (armour currently unavailable)
rPois    +         Reflect  .   (helmet currently unavailable)
rElec    .         Harm     .   (cloak currently unavailable)
rCorr    +         Rampage  .   (gloves currently unavailable)
Will     .....     NoTele   +   (no barding)
Stlth    ++........             (no amulet)
HPRegen  0.23/turn              b - ring of resist corrosion
MPRegen  0.12/turn              f - ring of wizardry

@: tree-form
A: stationary, stasis, torment immunity, boosted hp, AC +2, large, see
invisible, (deformed body), (poison resistance), (slowness 2), spit poison 1,
(naga tail 1)
a: Spit Poison, Renounce Religion


You were on level 4 of the Dungeon.
You worshipped Vehumet.
Vehumet was noncommittal.
You were a tree.
You visited 2 branches of the dungeon, and saw 6 of its levels.

You collected 157 gold pieces.

Inventory:

Hand Weapons
 c - a +1 rapier
 k - a +2 vampiric whip (weapon)
Missiles
 m - a throwing net
Armour
 a - a +0 robe (melded)
Jewellery
 b - a ring of resist corrosion (left branch)
 f - a ring of wizardry (right branch)
 l - a +6 ring of dexterity
Wands
 h - a wand of digging (5)
Scrolls
 j - a scroll of magic mapping
Potions
 d - a potion of degeneration
 e - a potion of cancellation


   Skills:
 - Level 1.5 Dodging
 - Level 3.0 Stealth
 - Level 2.0 Spellcasting
 + Level 6.0 Conjurations
 + Level 5.2 Fire Magic


You had 2 spell levels left.
You knew the following spells:

 Your Spells              Type           Power      Damage    Failure   Level
a - Foxfire               Conj/Fire      72%        2x1d7     1%          1
b - Conjure Flame         Conj/Fire      18%        6-21      2%          3
c - Sticky Flame          Conj/Fire      18%        2d4       9%          4

Your spell library contained the following spells:

 Spells                   Type           Power      Damage    Failure   Level
 Corona                   Hex            1%         N/A       9%          1
 Ensorcelled Hibernation  Hex/Ice        2%         N/A       13%         2
 Dazzling Flash           Conj/Hex       20%        N/A       8%          3
 Inner Flame              Hex/Fire       9%         N/A       9%          3
 Fireball                 Conj/Fire      9%         3d6       24%         5
 Confusing Touch          Hex            1%         N/A       26%         3
 Tukima's Dance           Hex            1%         N/A       26%         3


Dungeon Overview and Level Annotations

Branches:
Dungeon (5/15)             Temple (1/1) D:4

Altars:
Cheibriados
Elyvilon
Fedhas
Vehumet
The Shining One

Annotations:
D:4 Pikel


Innate Abilities, Weirdness & Mutations

You are a tree.
Your roots penetrate the ground, keeping you stationary.
You cannot be teleported.
You are immune to unholy pain and torment.
Your maximum health is greatly increased.
Your equipment is partially melded.
((Your serpentine skin is tough. (AC +2)))
You have supernaturally acute eyesight. (SInv)
((Armour fits poorly on your strangely shaped body.))
((Your system is resistant to poisons. (rPois)))
((You cover ground very slowly.))
You can spit poison.
((You have a snake-like lower body.))


Message History

Pikel is heavily wounded.
Pikel hits you with a +1 whip of freezing.
Pikel freezes you. Pikel hits you but does no damage.
You hit Pikel.
Pikel is heavily wounded.
Pikel hits you but does no damage.
You hit Pikel but do no damage.
Pikel is heavily wounded.
Pikel cracks his whip.
Pikel hits you but does no damage.
You hit Pikel.
Pikel is severely wounded.
Pikel hits you but does no damage.
Casting: Foxfire (safe; 1% risk of failure)
Confirm with . or Enter, or press ? or * to list all spells.
You don't have enough magic to cast this spell.
You closely miss Pikel.
Pikel is severely wounded.
Pikel hits you with a +1 whip of freezing.
* * * LOW HITPOINT WARNING * * *
Pikel freezes you.
* * * LOW HITPOINT WARNING * * *
Casting: Foxfire (safe; 1% risk of failure)
Confirm with . or Enter, or press ? or * to list all spells.
You don't have enough magic to cast this spell.
You closely miss Pikel.
Pikel is severely wounded.
Pikel hits you with a +1 whip of freezing.
* * * LOW HITPOINT WARNING * * *
Pikel freezes you.
* * * LOW HITPOINT WARNING * * *
You closely miss Pikel.
Pikel is severely wounded.
Pikel hits you but does no damage.
You hit Pikel but do no damage.
Pikel is severely wounded.
Pikel hits you with a +1 whip of freezing!
* * * LOW HITPOINT WARNING * * *
Pikel freezes you.
You die...

.........#............#
#.......
#........#............##
#<......
#........#.............#
#.......
#........##............#
##......
#......................##
#......
##..).).................#
##.....
#........##..).........#
#.....
#........###....K......##
#..... #........#
#...♣........# ##....
#.......## ##..).......##
####. #.......#
##........## ## #......##
###.....## ##.....#
###..## #....## ####
#.)..# #.).###
###)....####


You could see Pikel.

Vanquished Creatures
  3 lemures
  3 killer bees (D:4)
  3 orc priests
  2 hounds (D:4)
  A centaur skeleton (D:5)
  A hound zombie (D:5)
  6 gnolls
  5 adders
  A worm (D:4)
  7 orcs
  6 endoplasms
  5 giant cockroaches
  9 hobgoblins
  11 jackals
  9 kobolds
  2 quokkas
  5 ball pythons
  8 bats
  A frilled lizard (D:3)
  3 goblins
  7 rats
98 creatures vanquished.

Vanquished Creatures (others)
  256 foxfires
256 creatures vanquished.

Grand Total: 354 creatures vanquished

Notes
Turn   | Place    | Note
-------+----------+-------------------------------------------
     0 | D:1      | Shayle the Naga Fire Elementalist began the quest for the
                  | Orb.
     0 | D:1      | Reached XP level 1. HP: 15/15 MP: 3/3
   101 | D:1      | Reached skill level 2 in Conjurations
   101 | D:1      | Reached XP level 2. HP: 2/22 MP: 0/5
   388 | D:1      | Found a faded altar of an unknown god.
   751 | D:1      | Reached XP level 3. HP: 11/28 MP: 2/6
   980 | D:1      | Reached skill level 3 in Conjurations
  1594 | D:2      | Found a snail-covered altar of Cheibriados.
  1902 | D:2      | Reached XP level 4. HP: 25/36 MP: 2/7
  2246 | D:3      | Reached skill level 4 in Conjurations
  2895 | D:3      | HP: 1/36 [orc priest/+0 war axe (4)]
  2904 | D:3      | Reached XP level 5. HP: 18/42 MP: 5/8
  3389 | D:4      | Learned a level 3 spell: Conjure Flame
  3394 | D:4      | Learned a level 4 spell: Sticky Flame
  3472 | D:4      | Reached skill level 5 in Conjurations
  3476 | D:4      | Reached XP level 6. HP: 9/49 MP: 2/9
  4130 | D:4      | Found a staircase to the Ecumenical Temple.
  4145 | Temple   | Entered the Ecumenical Temple
  4198 | Temple   | Became a worshipper of Vehumet
  5200 | D:5      | Entered Level 5 of the Dungeon
  5378 | D:4      | Reached skill level 5 in Fire Magic
  5378 | D:4      | Reached XP level 7. HP: 39/55 MP: 10/10
  5733 | D:5      | Reached skill level 6 in Conjurations
  5797 | D:5      | Noticed Pikel
  6069 | D:4      | HP: 2/82 [Pikel/+1 whip of freezing (9)]
  6069 | D:4      | Slain by Pikel

Illustrated notes

Levels and vault maps discovered:
D:1:      eino_arrival_cavern_b, layout_basic,
          hellmonk_ecumenical_altar_heavens_door
D:2:      layout_basic, basic_altar, wad_floor_pattern_untrapped
D:3:      layout_loops_ring
D:4:      layout_cave_pods, minmay_temple_entry_mist
D:5:      layout_basic, grunt_temple_overflow_open, uniq_pikel, uniq_menkaure,
          uniq_ijyb
Temple:   compressed_dpeg_circular_temple

Skill      XL: |  1  2  3  4  5  6  7 |
---------------+----------------------+-----
Conjurations   | 2 3 4 5 6 |  6.0
Fire Magic     | 4 5 |  5.2
Dodging        | |  1.5
Stealth        | |  3.0
Spellcasting   | |  2.0

Action                   |  1- 3 |  4- 6 |  7- 9 || total
-------------------------+-------+-------+-------++-------
Melee: Unarmed           |     8 |       |       ||     8
       Rapier            |    18 |    30 |       ||    48
       Whip              |       |    19 |    32 ||    51
 Cast: Foxfire           |    51 |    75 |    24 ||   150
       Sticky Flame      |       |       |     5 ||     5
 Abil: Spit Poison       |    10 |     6 |     1 ||    17
  Use: Potion            |     1 |     3 |     3 ||     7
       Scroll            |     5 |     5 |       ||    10
 Stab: Sleeping          |       |     2 |       ||     2
Armor: Robe              |    21 |    24 |     6 ||    51
       Skin              |     4 |    18 |    18 ||    40
Dodge: Dodged            |    53 |    37 |    16 ||   106

Table legend: (Time is in decaauts)
 A = Elapsed time spent in this place.
 B = Non-inter-level travel time spent in this place.
 C = Inter-level travel time spent in this place.
 D = Time resting spent in this place.
 E = Time spent auto-exploring this place.
 F = Levels seen in this place.
 G = Mean time per level.
                   A        B        C        D        E       F      G
               +--------+--------+--------+--------+--------+-----+--------+
         Total |   7177 |   6764 |    413 |   2420 |   3143 |   6 | 1196.2 |
       Dungeon |   7104 |   6691 |    413 |   2420 |   3092 |   5 | 1420.8 |
        Temple |     72 |     72 |      0 |      0 |     51 |   1 |   72.0 |
               +--------+--------+--------+--------+--------+-----+--------+

Top non-repeatable levels by time:
     D:4: 2885 daAuts
     D:1: 1637 daAuts
     D:3: 1214 daAuts
     D:2: 1038 daAuts
     D:5: 329 daAuts
  Temple: 72 daAuts
